 Dungeon Crawl Stone Soup version 0.20.1-1-g8b1a95d (webtiles) character file.

25 Ansu the Skirmisher (level 2, -5/24 HPs)
             Began as a Demonspawn Abyssal Knight on Sept 6, 2017.
             Was a Follower of Lugonu.
             Slain by Crazy Yiuf
             ... wielding a +3 quarterstaff of chaos
              (15 damage)
             ... on level 2 of the Dungeon.
             The game lasted 00:05:06 (967 turns).

Ansu the Skirmisher (Demonspawn Abyssal Knight)      Turns: 967, Time: 00:05:07

Health: -5/24      AC:  3    Str: 16    XL:     2   Next: 86%
Magic:  3/3        EV: 11    Int: 13    God:    Lugonu [*.....]
Gold:   49         SH:  0    Dex: 12    Spells: 1/1 levels left

rFire    . . .     SeeInvis .   f - +6 short sword "Eskosio" {flame, Str+4}
rCold    . . .     Gourm    .   (no shield)
rNeg     . . .     Faith    .   b - +0 leather armour
rPois    .         Spirit   .   (no helmet)
rElec    .         Reflect  .   (no cloak)
rCorr    .         Harm     .   (no gloves)
MR       .....                  (no boots)
Stlth    ++........             (no amulet)
Regen    0.1/turn               i - ring of stealth
MPRegen  0.1/turn               (no ring)

@: hasted, very quick
A: [low mp 2], powered by pain 1
a: Depart the Abyss, Renounce Religion


You were on level 2 of the Dungeon.
You worshipped Lugonu.
Lugonu was aware of your devotion.
You were full.

You visited 1 branch of the dungeon, and saw 2 of its levels.
You visited the Abyss 1 time.

You collected 49 gold pieces.

Inventory:

Hand Weapons
 a - a +1 falchion
 d - a +0 fustibalus
 f - the +6 short sword "Eskosio" (weapon) {flame, Str+4}
   (You found it on level 2 of the Abyss)

   It has been specially enchanted to burn those struck by it, causing extra
   injury to most foes and up to half again as much damage against particularly
   susceptible opponents.
   It affects your strength (+4).
Armour
 b - a +0 leather armour (worn)
 j - a +0 chain mail
Jewellery
 i - a ring of stealth (left hand)
Scrolls
 c - a scroll of immolation {unknown}
 g - a scroll of fog {unknown}
 m - a scroll of identify {unknown}
 n - a scroll of remove curse {unknown}
Potions
 e - a potion of resistance {unknown}
 h - a potion of brilliance {unknown}
 k - a potion of lignification {unknown}
Comestibles
 l - a royal jelly
 o - 4 fruits


   Skills:
 + Level 3.5 Fighting
 + Level 0.8(1.5) Short Blades
 + Level 2.1(2.2) Long Blades
 + Level 2.0 Armour
 + Level 0.8 Dodging
 + Level 2.4 Invocations


You had one spell level left.
You didn't know any spells.

Dungeon Overview and Level Annotations

Branches:
Dungeon (2/15)

Altars:

Annotations:
D:2 Crazy Yiuf


Innate Abilities, Weirdness & Mutations

You sometimes gain a little power by taking damage.
[Your magical capacity is very low. (-20% MP)]


Message History

Crazy Yiuf shouts!
Found a mace.
There is an open door here.
You hit Crazy Yiuf. You burn Crazy Yiuf.
Crazy Yiuf is lightly wounded.
Crazy Yiuf says, "Leather cloud tea!"
Crazy Yiuf hits you with a quarterstaff of chaos!
You feel yourself speed up.
You hit Crazy Yiuf. You burn Crazy Yiuf.
Crazy Yiuf is moderately wounded.
Crazy Yiuf waves his quarterstaff at you.
Crazy Yiuf hits you with a quarterstaff of chaos.
Crazy Yiuf freezes you.
You puncture Crazy Yiuf! You burn Crazy Yiuf.
Crazy Yiuf is almost dead.
You closely miss Crazy Yiuf.
Crazy Yiuf is almost dead.
Crazy Yiuf hits you with a quarterstaff of chaos!
Ouch! That really hurt!
You die...

#.# #.# #.# #.#
#.####### ####
#.##....## ###..)#
#.#....P.####.@g..#
##.#.....P.#..##...#
#.........#.### ####
##..##.#######
....##.# ##.#####
##.# ##.# ##.#


You could see Crazy Yiuf.

Vanquished Creatures
  2 bats (D:1)
  A giant cockroach (D:1)
  3 hobgoblins (D:1)
  7 jackals (D:1)
  3 frilled lizards (D:1)
  2 goblins (D:1)
  A kobold (D:1)
  4 rats (D:1)
23 creatures vanquished.

Notes
Turn   | Place    | Note
-------+----------+-------------------------------------------
     0 | Abyss:1  | Ansu the Demonspawn Abyssal Knight began the quest for the Orb.
     0 | Abyss:1  | Reached XP level 1. HP: 18/18 MP: 2/2
    20 | Abyss:2  | Found a corrupted altar of Lugonu.
    35 | Abyss:2  | Got a translucent short sword
    36 | Abyss:2  | Identified the +6 short sword "Eskosio" {flame, Str+4} (You found it on level 2 of the Abyss)
    46 | Abyss:2  | Noticed a wretched star
    49 | D:1      | Escaped the Abyss
    53 | D:1      | Noticed an electric eel
    66 | D:1      | Noticed an electric eel
   285 | D:1      | Gained mutation: You sometimes gain a little power by taking damage. [demonic ancestry]
   285 | D:1      | Reached XP level 2. HP: 18/24 MP: 3/3
   336 | D:1      | Reached * piety under Lugonu
   958 | D:2      | Found a runed door.
   962 | D:2      | Noticed Crazy Yiuf
   967 | D:2      | Slain by Crazy Yiuf

Skill      XL: |  1  2 |
---------------+-------+-----
Long Blades    | 2 |  2.1
Armour         | 2 |  2.0
Fighting       | |  3.5
Short Blades   | |  0.8
Dodging        | |  0.8
Invocations    | |  2.4

Action                   || total
-------------------------++-------
Melee: Short sword       ||    49
Invok: Depart the Abyss  ||     1
  Eat: Bread ration      ||     1
Armor: Leather armour    ||    22
Dodge: Dodged            ||    41
